 Dungeon Crawl Stone Soup version 0.28-a0-1002-gf00fe891ef (webtiles) character file.

Game seed: 9002333844067896719

234 ffractal the Cutter (level 5, -1/31 HPs)
             Began as a Vampire Gladiator on Dec 6, 2021.
             Was an Initiate of Ashenzari.
             Slain by a jelly (2 damage)
             ... on level 4 of the Dungeon.
             The game lasted 00:28:14 (7137 turns).

ffractal the Cutter (Vampire Gladiator)             Turns: 7137, Time: 00:28:15

Health: -1/31      AC:  3    Str: 15    XL:     5   Next: 75%
Magic:  5/5        EV: 11    Int: 11    God:    Ashenzari [......]
Gold:   187        SH:  0    Dex: 15    Spells: 2/4 levels left

rFire   . . .      SeeInvis +   (no weapon)
rCold   + + .      Faith    .   (no shield)
rNeg    + + +      Spirit   .   A - +0 scale mail
rPois   ∞          Reflect  .   c - +0 helmet
rElec   .          Harm     .   (no cloak)
rCorr   .          Rampage  .   (no gloves)
Will    .....                   (no boots)
Stlth   ++........              (no amulet)
HPRegen 0.00/turn               (no ring)
MPRegen 0.09/turn               (no ring)

@: corroded, bloodless, inhibited regen
A: bloodless, fangs 3, see invisible, vampiric 2
a: Bat Form, Revivify, Renounce Religion, Curse Item


You were on level 4 of the Dungeon.
You worshipped Ashenzari.
Ashenzari was noncommittal.
You visited 1 branch of the dungeon, and saw 4 of its levels.

You collected 187 gold pieces.

Inventory:

Hand Weapons
 a - a +0 rapier
 n - a +0 club
 o - a +0 flail
 p - a +0 trident
 r - a +2 vorpal spear
 u - a +0 spear
 w - a +2 falchion
 x - a +0 war axe
Missiles
 d - 3 throwing nets (quivered)
 e - 129 stones
 k - 3 silver boomerangs
 l - 18 bolts
 q - 46 arrows
Armour
 b - a +0 leather armour
 c - a +0 helmet (worn)
 s - a +0 ring mail
 v - a +0 animal skin
 y - a +0 animal skin
 z - a +0 helmet
 A - a +0 scale mail (worn)
Scrolls
 f - 2 scrolls of blinking
 i - 3 scrolls of enchant armour {unknown}
 m - 3 scrolls of magic mapping {unknown}
 t - a scroll of acquirement {unknown}
 B - a scroll of immolation {unknown}
 C - 2 scrolls of identify {unknown}
Potions
 g - a potion of haste {unknown}
 h - a potion of might {unknown}
 j - a potion of lignification {unknown}


   Skills:
 * Level 2.4 Fighting
 * Level 5.1 Short Blades
 + Level 1.7 Throwing
 * Level 1.9 Armour
 * Level 4.4 Dodging
 + Level 1.1 Stealth


You had 2 spell levels left.
You knew the following spells:

 Your Spells              Type           Power      Damage    Failure   Level
a - Poisonous Vapours     Pois/Air       0%         N/A       91%         2

Your spell library contained the following spells:

 Spells                   Type           Power      Damage    Failure   Level
 Animate Skeleton         Necr           0%         N/A       80%         1
 Corpse Rot               Necr/Air       0%         N/A       91%         2
 Gell's Gravitas          Tloc           0%         N/A       99%         3
 Teleport Other           Tloc           0%         N/A       99%         3
 Dispersal                Tloc           0%         N/A       100%        6


Dungeon Overview and Level Annotations

Branches:
Dungeon (4/15)
 Temple: D:4-7

Altars:
Ashenzari
Sif Muna
Trog

Shops:
D:1 (


Innate Abilities, Weirdness & Mutations

You do not regenerate when monsters are visible.
You are frail without blood (-20% HP).
You can heal yourself when you bite living creatures.
You are immune to poison.
You have razor-sharp teeth.
You have supernaturally acute eyesight. (SInv)
You are afflicted with vampirism and can become a bat while bloodless.


Message History

You are frozen.
You resist.
An endoplasm is nearby!
An endoplasm is nearby!
The endoplasm hits you but does no damage.
The endoplasm freezes you.
You are frozen.
You resist.
You see here a +6 ring of dexterity.
The endoplasm freezes you.
You are frozen.
You resist.
A jelly comes into view.
The jelly quivers.
The endoplasm hits you but does no damage.
The jelly hits you but does no damage. The jelly hits you but does no damage.
Found a stone staircase leading up.
The jelly misses you. The jelly hits you.
You are splashed with acid!
The endoplasm freezes you.
You are frozen.
You resist.
The endoplasm jiggles.
The endoplasm hits you.
An endoplasm comes into view.
Found a stone staircase leading up.
The jelly hits you but does no damage.
The endoplasm quivers.
The endoplasm jiggles.
You hit the jelly.
Your hands burn!
* * * LOW HITPOINT WARNING * * *
The jelly is lightly wounded.
The jelly hits you but does no damage.
You hit the jelly but do no damage. The acid corrodes you!
Your hands burn!
* * * LOW HITPOINT WARNING * * *
The jelly is lightly wounded.
The jelly hits you but does no damage. The endoplasm hits you.
* * * LOW HITPOINT WARNING * * *
You hit the jelly but do no damage.
Your hands burn!
* * * LOW HITPOINT WARNING * * *
The jelly is lightly wounded.
The jelly hits you.
You die...

#.# ##. ## ## #.#
####.. # #. .##
##.#... #. #####.#..
#......
##.#####.......#
....... .........
... ....... .
#.#..##.# #.#
.......
..##.#..##.####J####
.......
.<............JJ@..#
.......
..............######
#......
.#####.......##
##.#...
........#.##.#
#.#####..
##.##......#.####
#..# ##.
#...<...........
.##..######
#.###.....#.###.
........... ..
#..#.##.#
###..##.### .
.....#.##.# #..##.#


You could see a jelly and 2 endoplasms.

Vanquished Creatures
  An orc priest (D:2)
  A hound (D:4)
  An iguana (D:3)
  Robin (D:3)
  A gnoll (D:3)
  An adder (D:3)
  A white imp (D:3)
  3 worms
  2 dart slugs (D:3)
  7 orcs
  6 ball pythons
  8 bats
  9 endoplasms
  3 giant cockroaches
  8 hobgoblins
  3 jackals (D:2)
  3 kobolds
  3 quokkas
  2 frilled lizards (D:1)
  18 goblins
  7 rats
89 creatures vanquished.

Notes
Turn   | Place    | Note
-------+----------+-------------------------------------------
     0 | D:1      | ffractal the Vampire Gladiator began the quest for the Orb.
     0 | D:1      | Reached XP level 1. HP: 16/16 MP: 1/1
   432 | D:1      | Reached XP level 2. HP: 18/22 MP: 2/2
   700 | D:1      | Found Zuot's Antique Weapon Emporium.
  1213 | D:1      | Gained mutation: You are afflicted with vampirism and can
                  | become a bat while bloodless. [Vampire growth]
  1213 | D:1      | Reached XP level 3. HP: 22/27 MP: 3/3
  1569 | D:2      | Reached skill level 4 in Short Blades
  2156 | D:2      | Reached XP level 4. HP: 9/33 MP: 4/4
  3931 | D:3      | Found a bloodstained altar of Trog.
  3942 | D:3      | Reached skill level 1 in Armour
  4153 | D:3      | Noticed Robin
  4198 | D:3      | Killed Robin
  4203 | D:3      | Reached XP level 5. HP: 21/38 MP: 5/5
  4928 | D:3      | Reached skill level 1 in Stealth
  5439 | D:3      | Found a faded altar of an unknown god.
  5626 | D:3      | Found a shimmering blue altar of Sif Muna.
  5635 | D:3      | Reached skill level 5 in Short Blades
  5692 | D:3      | Got Sif Muna's Reference Book on Unholy Magic
  5704 | D:3      | Learned a level 2 spell: Poisonous Vapours
  5984 | D:3      | Prayed at the altar of an unknown god.
  5984 | D:3      | Became a worshipper of Ashenzari the Shackled
  7137 | D:4      | HP: 1/31 [acid (5)]
  7137 | D:4      | Slain by a jelly

Illustrated notes

Levels and vault maps discovered:
D:1:      minmay_arrival_open_corners, layout_loops_ring, serial_shops,
          nicolae_shop_crystal
D:2:      layout_basic, kennysheep_pointless_box, minmay_vboxes
D:3:      layout_rooms, nzn_overflow_gifts_of_might_and_magic,
          nicolae_ecumenical_lake_church, uniq_robin
D:4:      layout_loops_ring, nicolae_figureground_pulse

Skill      XL: |  1  2  3  4  5 |
---------------+----------------+-----
Short Blades   | 4 5 |  5.1
Dodging        | 4 |  4.4
Fighting       | 2 |  2.4
Armour         | 1 |  1.9
Stealth        | 1 |  1.1
Throwing       | |  1.7

Action                   |  1- 3 |  4- 6 || total
-------------------------+-------+-------++-------
Melee: Rapier            |   104 |   145 ||   249
       Bite              |     9 |    16 ||    25
       Unarmed           |       |     9 ||     9
 Abil: Exsanguinate      |       |     1 ||     1
  Use: Scroll            |     2 |       ||     2
Armor: Leather armour    |    52 |     8 ||    60
       Ring mail         |       |    19 ||    19
       Scale mail        |       |    35 ||    35
Dodge: Dodged            |   127 |    89 ||   216

Table legend: (Time is in decaauts)
 A = Elapsed time spent in this place.
 B = Non-inter-level travel time spent in this place.
 C = Inter-level travel time spent in this place.
 D = Time resting spent in this place.
 E = Time spent auto-exploring this place.
 F = Levels seen in this place.
 G = Mean time per level.
                   A        B        C        D        E       F      G
               +--------+--------+--------+--------+--------+-----+--------+
         Total |   7135 |   7135 |      0 |   3311 |    592 |   4 | 1783.8 |
       Dungeon |   7135 |   7135 |      0 |   3311 |    592 |   4 | 1783.8 |
               +--------+--------+--------+--------+--------+-----+--------+

Top non-repeatable levels by time:
     D:2: 2423 daAuts
     D:3: 2126 daAuts
     D:1: 1490 daAuts
     D:4: 1095 daAuts
